 Dungeon Crawl Stone Soup version 0.24-a0-272-g14115134c2 (webtiles) character file.

Game seed: 11173188954358848671

92 HAL9000 the Sneak (level 4, -1/23 HPs)
             Began as a Vine Stalker Assassin on Apr 25, 2019.
             Slain by a gnoll
             ... wielding a +0 spear
              (6 damage)
             ... on level 4 of the Dungeon.
             The game lasted 00:02:50 (1569 turns).

HAL9000 the Sneak (Vine Stalker Assassin)           Turns: 1569, Time: 00:02:51

Health: -1/23      AC:  3    Str: 14    XL:     4   Next: 60%
Magic:  0/5        EV: 12    Int: 11    God:
Gold:   118        SH:  0    Dex: 16    Spells: 3/3 levels left

rFire    . . .     SeeInvis .   r - +3 dagger
rCold    . . .     Gourm    .   (no shield)
rNeg     . . .     Faith    .   c - +0 robe
rPois    .         Spirit   +   (no helmet)
rElec    .         Reflect  .   s - +0 cloak
rCorr    .         Harm     .   (no gloves)
MR       .....                  (no boots)
Stlth    ++........             (no amulet)
HPRegen  0.47/turn              m - ring of attention (curse)
MPRegen  0.09/turn              (no ring)

@: no status effects
A: fangs 2, regeneration 1, magic shield, antimagic bite, no potion heal 3, rot
immunity
a: no special abilities


You were on level 4 of the Dungeon.
You were not hungry.

You visited 1 branch of the dungeon, and saw 3 of its levels.

You collected 118 gold pieces.

Inventory:

Hand Weapons
 b - a +0 blowgun
 r - a +3 dagger (weapon)
Missiles
 e - 8 poisoned needles
 f - 2 curare-tipped needles
Armour
 c - a +0 robe (worn)
 s - a +0 cloak (worn)
Jewellery
 m - a cursed ring of attention (left hand)
Wands
 q - a wand of flame (17)
Scrolls
 i - 2 scrolls of identify
 j - a scroll of teleportation {unknown}
 l - a scroll of amnesia {unknown}
 n - a scroll of fog {unknown}
 o - 2 scrolls of remove curse {unknown}
Potions
 a - a potion of brilliance {unknown}
 h - a potion of ambrosia {unknown}
 k - a potion of lignification
 p - a potion of invisibility {unknown}
Comestibles
 d - 4 chunks of flesh
 g - a ration


   Skills:
 + Level 2.0 Fighting
 + Level 2.4 Short Blades
 + Level 1.8 Throwing
 + Level 1.4 Dodging
 + Level 6.4 Stealth


You had 3 spell levels left.
You didn't know any spells.
Your spell library was empty.

Dungeon Overview and Level Annotations

Branches:
Dungeon (2/15)

Altars:


Innate Abilities, Weirdness & Mutations

You have extremely sharp teeth.
Your natural rate of healing is unusually fast.
When hurt, damage is shared between your health and your magic reserves.
Your bite disrupts and absorbs the magic of your enemies.
Potions cannot restore your health.
You are immune to rotting.


Message History

The gnoll hits you with a +0 spear.
There is an open door here.
You hit the gnoll.
The gnoll is lightly wounded.
The gnoll barely misses you.
You hit the gnoll but do no damage. Your bite misses the gnoll.
The gnoll is lightly wounded.
The gnoll hits you with a +0 spear!
You hit the gnoll but do no damage.
The gnoll is lightly wounded.
The gnoll hits you with a +0 spear!
* * * LOW HITPOINT WARNING * * *
You hit the gnoll.
The gnoll is heavily wounded.
The gnoll hits you with a +0 spear.
* * * LOW HITPOINT WARNING * * *
You hit the gnoll but do no damage. Your bite misses the gnoll.
The gnoll is heavily wounded.
The gnoll hits you with a +0 spear!
You die...

#.......######
#.......#....#
#..gg...#....#
#.......#....#
#.......#..>.#
#.......##..##
#....#'####'#
#... +...#..#
#.. #..g@..#
#. ######.# #
##.###)##.#
#.........#
#.[.......+
##..##....#
#..########
+...'.....+
#...#.....#


You could see a gnoll.

Vanquished Creatures
  2 gnolls (D:4)
  3 adders
  2 oozes (D:2)
  3 leopard geckos (D:2)
  8 bats
  2 goblins (D:2)
  6 hobgoblins
  A quokka (D:2)
  3 frilled lizards
  4 kobolds
  3 rats
37 creatures vanquished.

Notes
Turn   | Place    | Note
-------+----------+-------------------------------------------
     0 | D:1      | HAL9000 the Vine Stalker Assassin began the quest for the
                  | Orb.
     0 | D:1      | Reached XP level 1. HP: 11/11 MP: 2/2
    12 | D:1      | Reached skill level 5 in Stealth
   271 | D:1      | Reached XP level 2. HP: 13/15 MP: 3/3
   860 | D:2      | Reached skill level 1 in Dodging
   860 | D:2      | Reached XP level 3. HP: 15/18 MP: 4/4
   952 | D:2      | Reached skill level 6 in Stealth
  1450 | D:2      | Gained mutation: Your natural rate of healing is unusually
                  | fast. [Vine Stalker growth]
  1450 | D:2      | Reached XP level 4. HP: 15/23 MP: 5/5
  1484 | D:2      | You fall through a shaft for 2 floors!
  1569 | D:4      | Slain by a gnoll

Levels and vault maps discovered:
D:1:      nzn_arrival_crosshair, layout_basic
D:2:      layout_loops_ring, first_ration
D:4:      layout_gridville

Skill      XL: |  1  2  3 |
---------------+----------+-----
Stealth        | 5 6 |  6.4
Short Blades   | 2 |  2.4
Dodging        | 1 |  1.4
Fighting       | 2 |  2.0
Throwing       | |  1.8

Action                   |  1- 3 |  4- 6 || total
-------------------------+-------+-------++-------
Melee: Dagger            |    75 |    29 ||   104
       Bite              |    13 |    11 ||    24
  Use: Scroll            |       |     1 ||     1
 Stab: Sleeping          |    11 |       ||    11
  Eat: Chunk             |     2 |       ||     2
Armor: Robe              |    21 |     4 ||    25
Dodge: Dodged            |    49 |    11 ||    60

Table legend:
 A = Non-vault XP
 B = Vault XP
 C = Vault XP percentage of total XP
 D = Non-vault monster count
 E = Vault monster count
 F = Vault count percentage of total count
                 A         B        C        D         E       F
            +---------+---------+-------+---------+---------+-------
      Total |     132 |       0 |   0.0 |      37 |       0 |   0.0
            +---------+---------+-------+---------+---------+-------
        D:1 |      18 |       0 |   0.0 |      12 |       0 |   0.0
        D:2 |      72 |       0 |   0.0 |      22 |       0 |   0.0
        D:4 |      42 |       0 |   0.0 |       3 |       0 |   0.0
            +---------+---------+-------+---------+---------+-------
